 Dungeon Crawl Stone Soup version 0.21.1-1-g345015fe64 (webtiles) character file.

4174 Oravi the Martial Artist (level 10, 0/73 HPs)
             Began as a Merfolk Transmuter on Apr 11, 2018.
             Killed from afar by an electric eel (9 damage)
             ... with a bolt of electricity
             ... on level 8 of the Dungeon.
             The game lasted 00:25:19 (7574 turns).

Oravi the Martial Artist (Merfolk Transmuter)       Turns: 7574, Time: 00:25:20

Health: 0/73       AC:  2    Str: 11    XL:     10   Next: 28%
Magic:  8/10       EV: 28    Int: 16    God:
Gold:   394        SH:  0    Dex: 19    Spells: 7/13 levels left

rFire    . . .     SeeInvis +     - Unarmed
rCold    . . .     Gourm    .   (shield currently unavailable)
rNeg     . . .     Faith    .   (armour currently unavailable)
rPois    x         Spirit   .   (helmet currently unavailable)
rElec    .         Reflect  .   (cloak currently unavailable)
rCorr    .         Harm     .   (gloves currently unavailable)
MR       .....                  (boots currently unavailable)
Stlth    ++........             (no amulet)
HPRegen  0.22/turn              p - ring of see invisible
MPRegen  0.12/turn              (no ring)

@: spider-form
A: tiny, (change form in water), (swift swim), (stealthy swim), low mp 2
a: End Transformation


You were on level 8 of the Dungeon.
You were not hungry.
You were a venomous arachnid creature.
You visited 2 branches of the dungeon, and saw 9 of its levels.

You collected 394 gold pieces.

Inventory:

Missiles
 a - 260 arrows
Armour
 b - a +0 robe (melded)
 o - a +1 cloak (melded)
 t - a +1 ring mail of fire resistance
Jewellery
 h - a cursed amulet of inaccuracy {unknown}
 p - a ring of see invisible (left front leg)
 u - an uncursed amulet of guardian spirit
Wands
 q - a wand of flame (53)
 r - a wand of iceblast (8)
Scrolls
 l - 5 scrolls of remove curse
 m - 5 scrolls of teleportation
 n - a scroll of blinking
 v - 5 scrolls of magic mapping
Potions
 e - a potion of curing
 g - a potion of brilliance
 i - 2 potions of flight
 j - a potion of invisibility
 k - a potion of magic
 s - a potion of lignification
Books
 c - a book of Changes

   Spells                             Type                      Level
   a - Beastly Appendage              Transmutation                1
   b - Sticks to Snakes               Transmutation                2
   c - Spider Form                    Transmutation/Poison         3
   d - Ice Form                       Ice/Transmutation            4
   e - Blade Hands                    Transmutation                5
 f - a book of Misfortune

   Spells                             Type                      Level
   a - Confusing Touch                Hexes                        1
   b - Confuse                        Hexes                        3
   c - Gell's Gravitas                Translocation                3
   d - Petrify                        Transmutation/Earth          4
   e - Metabolic Englaciation         Hexes/Ice                    5
   f - Yara's Violent Unravelling     Hexes/Transmutation          5
Comestibles
 d - 17 rations
 w - 8 chunks of flesh


   Skills:
 * Level 4.9 Fighting
 * Level 8.0 Dodging
 + Level 9.9 Unarmed Combat
 - Level 2.0 Spellcasting
 * Level 9.4 Transmutations
 * Level 6.6 Poison Magic
 + Level 1.0 Evocations


You had 7 spell levels left.
You knew the following spells:

 Your Spells              Type           Power        Failure   Level  Hunger
a - Beastly Appendage     Tmut           ####..       3%          1    #......
b - Sticks to Snakes      Tmut           ####....     4%          2    ###....
c - Spider Form           Tmut/Pois      ####......   9%          3    ###....


Dungeon Overview and Level Annotations

Branches:
Dungeon (8/15)             Temple (1/1) D:4
   Lair: D:8-11

Altars:
Ashenzari
Cheibriados
Dithmenos
Fedhas
Hepliaklqana
Kikubaaqudgha
Makhleb
Nemelex Xobeh
Okawaru
Sif Muna
Trog
Vehumet
Wu Jian
Yredelemnul
Zin
The Shining One


Innate Abilities, Weirdness & Mutations

((You revert to your normal form in water.))
((You are very nimble and swift while swimming.))
((You are very stealthy in the water. (Stealth+)))
((Armour fits poorly on your strangely shaped body.))
((Your flesh is heat resistant. (rF+)))
Your magical capacity is very low. (-20% MP)


Message History

You closely miss the merfolk.
The merfolk is lightly wounded.
The merfolk closely misses you.
You hit the merfolk.
The merfolk looks as sick as possible!
The merfolk is moderately wounded.
The merfolk completely misses you.
You hit the merfolk but do no damage.
The merfolk looks as sick as possible!
The merfolk is lightly wounded.
You feel better. The merfolk hits you with a trident!
* * * LOW HITPOINT WARNING * * *
You feel better. The merfolk completely misses you.
You bite the merfolk!
The merfolk looks as sick as possible!
The merfolk is heavily wounded.
The merfolk hits you with a trident!
* * * LOW HITPOINT WARNING * * *
You closely miss the merfolk.
The merfolk is heavily wounded.
The electric eel shoots out a bolt of lightning at you!
The bolt of electricity hits you!
You die...

..≈≈≈...≈≈≈≈≈≈≈≈≈≈≈≈≈..
..≈≈.....♣≈≈≈≈≈≈≈≈≈≈≈..
.....≈♣.....≈≈≈≈≈≈≈≈≈≈♣
≈♣♣..♣≈≈≈≈≈..♣.≈≈≈≈≈≈≈≈
≈≈≈≈..≈≈≈≈≈≈≈.≈≈#####
≈≈≈≈...≈≈≈≈≈..≈##≈≈≈##
...♣♣..≈≈.(...##≈≈≈≈≈##
.≈≈≈≈≈♣...(..≈#≈...(≈≈#
.≈≈≈≈≈≈≈≈≈≈...'≈s???.≈+
≈≈##≈≈≈≈≈≈♣.≈≈#≈;m?..≈#
≈≈#######≈♣♣♣≈##≈≈≈≈≈##
### ### ≈≈≈##≈≈≈##
#≈≈≈≈##### #≈≈≈≈≈#
#######


You could see a merfolk and an electric eel.

Vanquished Creatures
  A hippogriff (D:8)
  Sigmund (D:6)
  A hog (D:8)
  2 yaks (D:8)
  2 water moccasins (D:7)
  A sky beast (D:6)
  3 orc warriors
  4 black bears
  2 phantoms
  4 ogres
  3 centaurs
  Blork the orc (D:4)
  7 bullfrogs
  A gnoll sergeant (D:7)
  A scorpion (D:5)
  An electric eel (D:8)
  5 howler monkeys
  3 crimson imps
  3 hounds
  2 jellies
  A quasit (D:6)
  2 orc priests (D:8)
  3 orc wizards
  A centaur skeleton (D:7)
  5 iguanas
  3 worker ants
  8 adders
  6 gnolls (D:7)
  4 oozes
  An adder skeleton (D:4)
  A worm (D:4)
  A dart slug (D:1)
  7 leopard geckos
  16 orcs
  3 ball pythons
  6 giant cockroaches
  9 goblins
  3 hobgoblins (D:2)
  9 jackals
  3 kobolds
  4 quokkas
  3 bats
  A frilled lizard (D:4)
  A leopard gecko skeleton (D:4)
  A quokka zombie (D:5)
  12 rats
162 creatures vanquished.

Vanquished Creatures (others)
  6 plants (D:8)
6 creatures vanquished.

Grand Total: 168 creatures vanquished

Notes
Turn   | Place    | Note
-------+----------+-------------------------------------------
     0 | D:1      | Oravi the Merfolk Transmuter began the quest for the Orb.
     0 | D:1      | Reached XP level 1. HP: 15/15 MP: 3/3
    54 | D:1      | Reached XP level 2. HP: 21/21 MP: 3/5
   694 | D:1      | Reached XP level 3. HP: 18/26 MP: 4/6
   700 | D:1      | Learned a level 2 spell: Sticks to Snakes
   704 | D:1      | Learned a level 3 spell: Spider Form
   944 | D:2      | Found a faded altar of an unknown god.
  1055 | D:2      | Reached XP level 4. HP: 32/32 MP: 3/7
  1543 | D:3      | Reached skill level 1 in Poison Magic
  1880 | D:3      | Found an iron altar of Okawaru.
  1882 | D:3      | Reached XP level 5. HP: 37/37 MP: 4/8
  2275 | D:4      | Noticed a phantom
  2282 | D:4      | Reached skill level 5 in Transmutations
  2524 | D:4      | Noticed Blork the orc
  2541 | D:4      | Killed Blork the orc
  2541 | D:4      | Reached XP level 6. HP: 17/43 MP: 6/9
  2547 | D:4      | Reached skill level 5 in Unarmed Combat
  2802 | D:4      | Noticed a black bear
  2809 | D:4      | Killed a black bear
  3057 | D:4      | Found a staircase to the Ecumenical Temple.
  3083 | D:4      | Killed a phantom
  3083 | D:4      | Reached XP level 7. HP: 43/48 MP: 3/10
  3091 | Temple   | Entered the Ecumenical Temple
  3509 | D:5      | Entered Level 5 of the Dungeon
  3939 | D:5      | Found a shattered altar of Ashenzari.
  4291 | D:5      | Reached XP level 8. HP: 24/54 MP: 8/11
  4665 | D:5      | Found a basalt altar of Yredelemnul.
  4665 | D:5      | Found a faded altar of an unknown god.
  4670 | D:5      | Found a faded altar of an unknown god.
  4672 | D:5      | Found a glowing golden altar of the Shining One.
  4674 | D:5      | Found an ornate altar of the Wu Jian Council.
  4752 | D:6      | Noticed Sigmund
  5269 | D:6      | Killed Sigmund
  5269 | D:6      | Reached skill level 5 in Poison Magic
  5374 | D:6      | Found a bloodstained altar of Trog.
  5384 | D:6      | Reached skill level 5 in Dodging
  5448 | D:6      | Reached XP level 9. HP: 61/61 MP: 9/12
  5603 | D:6      | Found a hazy altar of Hepliaklqana.
  6119 | D:7      | Gained mutation: Armour fits poorly on your strangely shaped body. [potion of mutation]
  6119 | D:7      | Gained mutation: Your magical capacity is low. (-10% MP) [potion of mutation]
  6119 | D:7      | Gained mutation: Your magical capacity is very low. (-20% MP) [potion of mutation]
  6119 | D:7      | Gained mutation: Your flesh is heat resistant. (rF+) [potion of mutation]
  7063 | D:8      | Reached XP level 10. HP: 54/71 MP: 7/10
  7485 | D:8      | Reached skill level 1 in Evocations
  7574 | D:8      | Killed from afar by an electric eel

Skill      XL: |  1  2  3  4  5  6  7  8  9 10 |
---------------+-------------------------------+-----
Transmutations | 3 4 5 6 7 8 9 |  9.4
Unarmed Combat | 4 5 6 7 9 |  9.9
Dodging        | 3 4 5 7 8 |  8.0
Poison Magic   | 1 2 3 4 5 6 |  6.6
Fighting       | 2 3 4 |  4.9
Evocations     | 1 |  1.0
Spellcasting   | |  2.0

Action                   |  1- 3 |  4- 6 |  7- 9 | 10-12 || total
-------------------------+-------+-------+-------+-------++-------
Melee: Unarmed           |    71 |   116 |   271 |    73 ||   531
       Headbutt          |     4 |     1 |       |       ||     5
       Punch             |     1 |       |       |       ||     1
 Cast: Beastly Appendage |    13 |     2 |       |       ||    15
       Spider Form       |     5 |    21 |    37 |     6 ||    69
Evoke: Wand              |       |       |     3 |       ||     3
  Use: Scroll            |     5 |     5 |    10 |       ||    20
       Potion            |       |       |     2 |     2 ||     4
 Stab: Sleeping          |     2 |     2 |     3 |     1 ||     8
  Eat: Chunk             |     1 |    10 |    17 |     3 ||    31
Armor: Robe              |     5 |     1 |     2 |       ||     8
       Skin              |     2 |     4 |     4 |     1 ||    11
Dodge: Dodged            |    47 |    81 |   274 |    78 ||   480
